 Dungeon Crawl Stone Soup version 0.21.1-1-g345015f (webtiles) character file.

22316 kaesh the Blocker (level 13, -3/99 HPs)
             Began as a Formicid Fighter on Mar 23, 2018.
             Was the Champion of Cheibriados.
             Slain by a five-headed hydra (9 damage)
             ... on level 3 of the Lair of Beasts.
             The game lasted 00:42:09 (11631 turns).

kaesh the Blocker (Formicid Fighter)               Turns: 11631, Time: 00:42:10

Health: -3/99      AC: 17    Str: 44    XL:     13   Next: 26%
Magic:  19/19      EV: 14    Int: 28    God:    Cheibriados [******]
Gold:   392        SH:  0    Dex: 25    Spells: 12/12 levels left

rFire    + . .     SeeInvis +   r - +4 mace "Kuis" {elec, +Fly rF+ Int+3}
rCold    + + .     Gourm    .   c - +1 shield
rNeg     . . .     Faith    .   u - +0 ice dragon scales
rPois    +         Spirit   .   (helmet unavailable)
rElec    .         Reflect  +   e - +1 cloak
rCorr    .         Harm     .   x - +1 pair of gloves {Str+3}
MR       +....                  (no boots)
Stlth    ..........             v - +2 amulet of reflection
HPRegen  0.26/turn              m - ring of poison resistance
MPRegen  0.16/turn              (no ring)

@: confused, very slow
A: permanent stasis, dig shafts and tunnels, four strong arms, antennae 3,
clever 1, fire resistance 1
a: Dig, Shaft Self, Bend Time, Temporal Distortion, Slouch, Step From Time,
Renounce Religion, Evoke Flight


You were on level 3 of the Lair of Beasts.
You worshipped Cheibriados.
Cheibriados was exalted by your worship.
You were hungry.

You visited 2 branches of the dungeon, and saw 12 of its levels.
You also visited: Sewer.

You collected 805 gold pieces.
You spent 413 gold pieces at shops.

Inventory:

Hand Weapons
 d - the +0 quarterstaff of the Rattle-Snake {flame, rPois Str+6}
   (You found it on level 4 of the Dungeon)

   It has been specially enchanted to burn those struck by it, causing extra
   injury to most foes and up to half again as much damage against particularly
   susceptible opponents.
   It affects your strength (+6).
   It protects you from poison.
 l - the +8 hand axe of the Puffin {freeze, rC+}
   (You bought it in a shop on level 7 of the Dungeon)

   It has been specially enchanted to freeze those struck by it, causing extra
   injury to most foes and up to half again as much damage against particularly
   susceptible opponents.
   It can also slow down cold-blooded creatures.
   It protects you from cold.
 r - the +4 mace "Kuis" (weapon) {elec, +Fly rF+ Int+3}
   (You found it on level 6 of the Dungeon)

   Occasionally, upon striking a foe, it will discharge some electrical energy
   and cause terrible harm.
   It affects your intelligence (+3).
   It protects you from fire.
   It lets you fly.
Armour
 c - a +1 shield (worn)
 e - a +1 cloak (worn)
 u - +0 ice dragon scales (worn)
 x - a +1 pair of gloves of strength (worn)
 y - a +0 plate armour
 D - a +1 scale mail of cold resistance
Jewellery
 m - a ring of poison resistance (left hand)
 v - a +2 amulet of reflection (around neck)
 z - an uncursed ring of ice
Wands
 a - a wand of polymorph (7)
 p - a wand of paralysis (24)
 A - a wand of iceblast (8)
Scrolls
 i - 9 scrolls of identify
 j - 2 scrolls of magic mapping
 k - 4 scrolls of enchant armour
 q - a scroll of enchant weapon
 s - a scroll of fear
 w - 2 scrolls of remove curse
Potions
 g - 5 potions of curing
 h - a potion of resistance
 n - 2 potions of brilliance
 o - 5 potions of flight
 t - a potion of lignification
Comestibles
 f - 25 rations
 B - a chunk of flesh


   Skills:
 + Level 8.5 Fighting
 + Level 10.4 Axes
 + Level 9.7 Armour
 + Level 3.5 Dodging
 + Level 13.0 Shields
 - Level 0.7 Unarmed Combat
 * Level 8.5 Invocations
 * Level 7.7 Evocations


You had 12 spell levels left.
You didn't know any spells.

Dungeon Overview and Level Annotations

Branches:
Dungeon (9/15)             Temple (0/1) D:6            Lair (3/6) D:8
 Spider (0/4) Lair:2          Orc (0/2) D:9
  Swamp: Lair:2-4    Shoals: Lair:2-4

Altars:
Ashenzari
Cheibriados
Dithmenos
Elyvilon
Hepliaklqana
Kikubaaqudgha
Nemelex Xobeh
Qazlal
Sif Muna
Trog
Uskayaw
Wu Jian
Yredelemnul

Shops:
D:7 (*=*(   D:9 :


Innate Abilities, Weirdness & Mutations

You cannot be hasted, slowed, berserked, paralysed or teleported.
You can dig through walls and to a lower floor.
Your four strong arms can wield two-handed weapons with a shield.
You have a pair of large antennae on your head. (SInv)
Your mind is acute. (Int +2)
Your flesh is heat resistant. (rF+)


Message History

The five-headed hydra bites you but does no damage.
The five-headed hydra closely misses you.
You are confused.
You feel invigorated.
The eight-headed hydra bites you but does no damage.
The eight-headed hydra completely misses you.
The eight-headed hydra barely misses you. x2
The eight-headed hydra bites you.
* * * LOW HITPOINT WARNING * * *
The eight-headed hydra bites you but does no damage. x2
The eight-headed hydra bites you.
* * * LOW HITPOINT WARNING * * *
The five-headed hydra bites you!
* * * LOW HITPOINT WARNING * * *
The five-headed hydra bites you but does no damage.
The five-headed hydra bites you.
* * * LOW HITPOINT WARNING * * *
The five-headed hydra closely misses you.
The five-headed hydra bites you!
You die...

##........
#.........
##........
#.......#
#........
#.......# ###
#........
#.###..##.......#
.......@D.......#
........D.......#
.....$..........#
................#
.................
.................
.................
.##.####.........
## ##........


You could see an eight-headed hydra and a five-headed hydra.

Vanquished Creatures
  Harold (Lair:2)
  2 hydras (Lair:2)
  An ice dragon (Lair:1)
  Erica (D:8)
  2 two-headed ogres
  Sonja (Lair:2)
  Joseph (D:7)
  3 black mambas
  Psyche (D:8)
  A spiny frog (Lair:1)
  A demonic crawler (Lair:2)
  3 komodo dragons
  A hornet (D:9)
  Grinder (D:5)
  8 blink frogs
  The ghost of Shinoi the Chopper, an amateur DsAK of Lugonu (D:4)
  A slime creature (Lair:2)
  8 hippogriffs
  17 yaks
  Grum (D:8)
  2 basilisks (Lair:2)
  A steam dragon (D:9)
  Edmund (D:6)
  7 water moccasins
  Duvessa (D:4)
  2 soldier ants (D:9)
  4 porcupines
  3 orc warriors
  6 phantoms
  7 ogres
  The ghost of Shinoi the Covered, an amateur DsAK of Lugonu (D:3)
  10 wolves
  6 crocodiles
  A big kobold (Sewer)
  Blork the orc (D:6)
  6 bullfrogs
  A gnoll sergeant (D:8)
  Dowan (D:4)
  6 scorpions
  A wight (D:8)
  A howler monkey (D:8)
  A centaur zombie (D:9)
  A crimson imp (D:9)
  3 quasits
  A bullfrog zombie (D:5)
  6 orc priests
  3 hounds
  13 orc wizards
  6 jellies
  A centaur skeleton (D:8)
  2 bullfrog skeletons
  Crazy Yiuf (D:4)
  Ijyb (D:5)
  An iguana (D:9)
  9 worker ants
  6 hound skeletons
  2 river rats
  21 adders
  3 shadow imps
  15 oozes
  An adder zombie (D:6)
  2 adder skeletons (D:2)
  5 worms
  4 dart slugs
  5 leopard geckos
  36 orcs
  A ball python (D:3)
  A bat skeleton (D:2)
  2 bat zombies (D:2)
  5 giant cockroaches
  7 goblins
  11 hobgoblins
  4 jackals
  9 kobolds
  4 quokkas
  A ball python zombie (D:2)
  9 bats
  7 frilled lizards
  2 jackal skeletons
  2 leopard gecko skeletons (D:2)
  25 rats
  2 fungi
  2 plants (Lair:1)
368 creatures vanquished.

Vanquished Creatures (others)
  2 centaurs
  A rat (D:3)
  8 fungi (Lair:2)
  A plant (Lair:2)
12 creatures vanquished.

Grand Total: 380 creatures vanquished

Notes
Turn   | Place    | Note
-------+----------+-------------------------------------------
     0 | D:1      | kaesh the Formicid Fighter began the quest for the Orb.
     0 | D:1      | Reached XP level 1. HP: 18/18 MP: 1/1
    38 | D:1      | Reached XP level 2. HP: 23/24 MP: 2/2
    78 | D:1      | Reached skill level 4 in Shields
   237 | D:1      | Reached XP level 3. HP: 29/29 MP: 3/3
   651 | D:1      | Found a snail-covered altar of Cheibriados.
   663 | D:1      | Became a worshipper of Cheibriados the Contemplative
   716 | D:2      | Reached XP level 4. HP: 27/37 MP: 4/4
   989 | D:2      | Reached * piety under Cheibriados
  1027 | D:2      | Reached XP level 5. HP: 42/42 MP: 5/5
  1191 | D:2      | Found a hazy altar of Hepliaklqana.
  1243 | D:2      | Reached ** piety under Cheibriados
  1541 | D:2      | Reached skill level 5 in Shields
  1541 | D:2      | Reached XP level 6. HP: 48/48 MP: 6/6
  1613 | D:3      | Found an ancient bone altar of Kikubaaqudgha.
  1723 | D:3      | Reached skill level 1 in Dodging
  1778 | D:3      | Noticed Shinoi's ghost (amateur DsAK)
  1793 | D:3      | Killed Shinoi's ghost
  1868 | D:3      | Reached *** piety under Cheibriados
  1953 | D:3      | Found a deep blue altar of Sif Muna.
  2165 | D:3      | Found a faded altar of an unknown god.
  2499 | D:4      | Reached XP level 7. HP: 31/54 MP: 7/7
  2715 | D:4      | Gained mutation: Your mind is acute. (Int +2) [potion of mutation]
  2715 | D:4      | Gained mutation: Your flesh is heat resistant. (rF+) [potion of mutation]
  2733 | D:4      | Noticed Shinoi's ghost (amateur DsAK)
  2742 | D:4      | Killed Shinoi's ghost
  2742 | D:4      | Reached skill level 5 in Axes
  2826 | D:4      | Reached skill level 6 in Shields
  3094 | D:4      | Reached XP level 8. HP: 61/61 MP: 8/8
  3123 | D:4      | Got a fine quarterstaff
  3124 | D:4      | Identified the cursed +0 quarterstaff of the Rattle-Snake {flame, rPois Str+6} (You found it on level 4 of the Dungeon)
  3205 | D:4      | Found a stormy altar of Qazlal.
  3262 | D:4      | Noticed Duvessa
  3262 | D:4      | Noticed Dowan
  3275 | D:4      | Killed Duvessa
  3286 | D:4      | Killed Dowan
  3286 | D:4      | Reached skill level 5 in Armour
  3652 | D:4      | Found a sparkling altar of Nemelex Xobeh.
  3675 | D:4      | Found a hide-covered altar of Uskayaw.
  3677 | D:4      | Found a white marble altar of Elyvilon.
  3785 | D:4      | Found a runed door.
  3933 | D:4      | Noticed Crazy Yiuf
  3938 | D:4      | Killed Crazy Yiuf
  4014 | D:5      | Entered Level 5 of the Dungeon
  4020 | D:5      | Reached skill level 5 in Fighting
  4020 | D:5      | Reached skill level 7 in Shields
  4173 | D:5      | Reached **** piety under Cheibriados
  4215 | D:5      | Noticed Grinder
  4224 | D:5      | Killed Grinder
  4231 | D:5      | Reached XP level 9. HP: 41/68 MP: 9/9
  4328 | D:5      | Found a glowing drain.
  4337 | Sewer    | Entered a sewer
  4452 | Sewer    | Reached skill level 8 in Shields
  4480 | Sewer    | Found a white marble altar of Elyvilon.
  4683 | D:5      | Found a bloodstained altar of Trog.
  4869 | D:5      | Noticed Ijyb
  4876 | D:5      | Killed Ijyb
  5125 | D:6      | Found a shadowy altar of Dithmenos.
  5235 | D:6      | Got an iridescent mace
  5256 | D:6      | Reached ***** piety under Cheibriados
  5310 | D:6      | Reached skill level 9 in Shields
  5349 | D:6      | Found a staircase to the Ecumenical Temple.
  5406 | D:6      | Noticed Blork the orc
  5412 | D:6      | Killed Blork the orc
  5664 | D:6      | Noticed Edmund
  5673 | D:6      | Killed Edmund
  5694 | D:6      | Found a shattered altar of Ashenzari.
  5820 | D:7      | Reached skill level 1 in Invocations
  5827 | D:7      | Identified the +4 mace "Kuis" {elec, +Fly rF+ Int+3} (You found it on level 6 of the Dungeon)
  5899 | D:7      | Found Bier's Weapon Shoppe.
  5929 | D:7      | Found Faank's General Store.
  5937 | D:7      | Bought a +1 pair of gloves of strength for 181 gold pieces
  5954 | D:7      | Reached skill level 1 in Evocations
  5996 | D:7      | Found Foomykol's Weapon Shop.
  6028 | D:7      | Found Estroulu's Jewellery Emporium.
  6050 | D:7      | Found Sig Peos's Assorted Antiques.
  6063 | D:7      | Bought a shimmering hand axe for 232 gold pieces
  6063 | D:7      | Identified the +8 hand axe of the Puffin {freeze, rC+} (You bought it in a shop on level 7 of the Dungeon)
  6137 | D:7      | Found a basalt altar of Yredelemnul.
  6203 | D:8      | Noticed Joseph
  6229 | D:7      | HP: 1/69 [Joseph/enchanted quarterstaff (9)]
  6233 | D:7      | Killed Joseph
  6233 | D:7      | Reached skill level 10 in Shields
  6233 | D:7      | Reached XP level 10. HP: 14/77 MP: 11/11
  6559 | D:8      | Found an ornate altar of the Wu Jian Council.
  6607 | D:8      | Noticed Erica
  6622 | D:8      | Killed Erica
  6686 | D:8      | Noticed Grum
  6695 | D:8      | Killed Grum
  6849 | D:8      | Noticed Psyche
  7000 | D:8      | Killed Psyche
  7048 | D:8      | Reached XP level 11. HP: 83/83 MP: 14/14
  7422 | D:8      | Noticed a two-headed ogre
  7430 | D:8      | Killed a two-headed ogre
  7430 | D:8      | Reached skill level 11 in Shields
  7430 | D:8      | Reached skill level 5 in Invocations
  7540 | D:8      | Found a staircase to the Lair.
  7776 | D:9      | Found a staircase to the Orcish Mines.
  7785 | D:9      | Found Gittink's Book Boutique.
  7895 | D:9      | Reached ****** piety under Cheibriados
  8230 | D:9      | Reached skill level 5 in Evocations
  8471 | D:9      | Noticed a two-headed ogre
  8483 | D:9      | Killed a two-headed ogre
  8615 | Lair:1   | Entered Level 1 of the Lair of Beasts
  8837 | Lair:1   | Reached XP level 12. HP: 63/91 MP: 16/16
  9200 | Lair:1   | Reached skill level 12 in Shields
  9293 | Lair:1   | Noticed an ice dragon
  9314 | Lair:1   | Killed an ice dragon
 10140 | Lair:2   | Noticed Sonja
 10147 | Lair:2   | Killed Sonja
 10350 | Lair:2   | Reached skill level 10 in Axes
 10370 | Lair:2   | Found a hole to the Spider Nest.
 10521 | Lair:2   | Noticed a seven-headed hydra
 10525 | Lair:2   | Noticed a seven-headed hydra
 10529 | Lair:2   | Killed a seven-headed hydra
 10533 | Lair:2   | Killed a seven-headed hydra
 10533 | Lair:2   | Reached XP level 13. HP: 26/99 MP: 14/19
 11103 | Lair:2   | Noticed Harold
 11112 | Lair:2   | Killed Harold
 11496 | Lair:2   | Reached skill level 13 in Shields
 11622 | Lair:3   | Noticed an eight-headed hydra
 11624 | Lair:3   | Noticed a five-headed hydra
 11631 | Lair:3   | Slain by a five-headed hydra

Skill      XL: |  1  2  3  4  5  6  7  8  9 10 11 12 13 |
---------------+----------------------------------------+-----
Shields        | 4 5 6 7 10 11 12 13 | 13.0
Axes           | 3 4 5 6 7 9 10 | 10.4
Fighting       | 4 5 6 7 8 |  8.5
Armour         | 4 6 7 8 9 |  9.7
Dodging        | 1 2 3 |  3.5
Invocations    | 2 4 6 8 |  8.5
Evocations     | 2 4 5 7 |  7.7
Unarmed Combat | |  0.7

Action                   |  1- 3 |  4- 6 |  7- 9 | 10-12 | 13-15 || total
-------------------------+-------+-------+-------+-------+-------++-------
Melee: War axe           |   100 |   213 |    51 |       |       ||   364
       Quarterstaff      |       |       |   273 |       |       ||   273
       Hand axe          |       |       |    11 |   479 |    79 ||   569
       Unarmed           |       |       |    11 |       |       ||    11
       Mace              |       |       |       |     9 |     3 ||    12
Invok: Bend Time         |       |       |     1 |     2 |     1 ||     4
Evoke: Wand              |       |       |       |     1 |     1 ||     2
  Use: Scroll            |     5 |     2 |     3 |     4 |     1 ||    15
       Potion            |     1 |     2 |    10 |     1 |     1 ||    15
 Stab: Paralysed         |       |       |       |     1 |     4 ||     5
  Eat: Chunk             |       |     3 |     7 |     8 |     2 ||    20
Armor: Scale mail        |    43 |    72 |    43 |       |       ||   158
       Chain mail        |       |       |    25 |       |       ||    25
       Plate armour      |       |       |     1 |    80 |       ||    81
       Ice dragon scales |       |       |       |    39 |    29 ||    68
Dodge: Dodged            |    45 |    63 |    89 |   114 |    46 ||   357
Block: Shield            |    68 |   130 |   258 |   439 |    77 ||   972
       Reflection        |       |       |     3 |     7 |       ||    10
